 Dungeon Crawl Stone Soup version 0.27-a0-1119-gbf574a6a6b (webtiles) character file.

Game seed: 6314813443854404743

6 Zeld the Shield-Bearer (level 1, -4/16 HPs)
             Began as an Octopode Fighter on May 2, 2021.
             Slain by an orc priest
             ... wielding a +0 flail
              (12 damage)
             ... on level 4 of the Dungeon.
             The game lasted 00:00:30 (280 turns).

Zeld the Shield-Bearer (Octopode Fighter)            Turns: 280, Time: 00:00:31

Health: -4/16      AC:  1    Str: 15    XL:     1   Next: 90%
Magic:  1/1        EV: 11    Int: 10    God:
Gold:   13         SH:  8    Dex: 11    Spells: 0/0 levels left

rFire    . . .     SeeInvis .   a - +0 war axe
rCold    . . .     Faith    .   b - +0 kite shield
rNeg     . . .     Spirit   .   (helmet restricted)
rPois    .         Reflect  .   (no amulet)
rElec    .         Harm     .   (no ring)
rCorr    .         Rampage  .   (no ring)
Will     .....                  (no ring)
Stlth    ++........             (no ring)
HPRegen  0.05/turn              (no ring)
MPRegen  0.07/turn              (no ring)
                                (no ring)
                                (no ring)

@: no status effects
A: almost no armour, amphibious, 8 rings, camouflage 1, gelatinous body 1,
(nimble swimmer 1), tentacles
a: no special abilities


You were on level 4 of the Dungeon.
You visited 1 branch of the dungeon, and saw 4 of its levels.

You collected 13 gold pieces.

Inventory:

Hand Weapons
 a - a +0 war axe (weapon)
Armour
 b - a +0 kite shield (worn)
Scrolls
 d - a scroll of teleportation {unknown}
Potions
 c - a potion of might


   Skills:
 * Level 3.1 Fighting
 * Level 2.2 Axes
 - Level 3.0 Dodging
 * Level 3.1 Shields


You couldn't memorise any spells.
You didn't know any spells.
Your spell library was empty.

Dungeon Overview and Level Annotations

Branches:
Dungeon (4/15)
 Temple: D:4-7

Altars:


Innate Abilities, Weirdness & Mutations

You cannot wear most types of armour.
You are amphibious.
You can wear up to eight rings at the same time.
Your skin changes colour to match your surroundings (Stealth+).
Your rubbery body absorbs attacks. (AC +1, EV +1)
((You are camouflaged near water. (Stealth+)))
You have tentacles for arms and can constrict up to eight enemies at once.


Message History

Found a flail.
You now have 13 gold pieces (gained 4).
Found a stone staircase leading down.
Found 7 stones.
There is a stone staircase leading down here.
An adder comes into view.
There is a stone staircase leading down here.
You climb downwards.
There is a stone staircase leading up here.
A giant cockroach comes into view.
A giant cockroach is nearby!
A giant cockroach is nearby!
The giant cockroach misses you. The giant cockroach bites you.
You slash the giant cockroach!
You kill the giant cockroach!
HP restored.
You see here a giant cockroach corpse.
Found an escape hatch in the floor.
No target in view!
There is an escape hatch in the floor here.
An orc comes into view. It is wielding a +0 whip.
An orc comes into view. It is wielding a +0 dagger.
An orc and an orc priest come into view.
Found a stone staircase leading down.
The orc shouts! x2; The orc priest shouts!
You hear a shout!
A hound skeleton comes into view.
Found 26 arrows.
You barely miss the orc priest. You grab the orc priest.
You barely miss the orc. You constrict the orc priest.
You block the orc's attack. The orc priest closely misses you.
The orc priest hits you with a +0 flail!
Ouch! That really hurt!
Unknown command.
You hit the orc priest but do no damage.
The orc priest is moderately wounded.
You hit the orc but do no damage. You barely miss the orc.
You constrict the orc priest. You block the orc's attack.
The orc priest hits you with a +0 flail!
Ouch! That really hurt!
You die...

#.####
#......# #.#
.#......#
#########.#
........#
#........>#
....>...#
#.#########
#.......# #.#
........# #.#
(.....oo# #.#
...Z.oo@###.#
...#+###....#
#.#### #.#
#.. ###


You could see an orc priest, 3 orcs and a hound skeleton.

Vanquished Creatures
  A bat (D:2)
  An endoplasm (D:1)
  A giant cockroach (D:4)
  A goblin (D:1)
  A rat (D:1)
5 creatures vanquished.

Notes
Turn   | Place    | Note
-------+----------+-------------------------------------------
     0 | D:1      | Zeld the Octopode Fighter began the quest for the Orb.
     0 | D:1      | Reached XP level 1. HP: 16/16 MP: 1/1
   277 | D:4      | Noticed an orc priest
   280 | D:4      | Slain by an orc priest

Illustrated notes

Levels and vault maps discovered:
D:1:      tarquinn_simple_flora_water_e, layout_basic, basic_ecumenical_altar
D:2:      layout_loops_cross, hangedman_abyss_or_decor_stabs
D:3:      minmay_bubble_buster, layout_basic, lemuel_old_faithful, uniq_grinder
D:4:      layout_basic, nicolae_ru_path_of_blood, uniq_menkaure, uniq_duvessa

Action                   || total
-------------------------++-------
Melee: War axe           ||     8
       Constrict         ||     2
       Tentacles         ||     2
 Stab: Sleeping          ||     1
Armor: Skin              ||     1
Dodge: Dodged            ||     4
Block: Kite shield       ||     3

Table legend: (Time is in decaauts)
 A = Elapsed time spent in this place.
 B = Non-inter-level travel time spent in this place.
 C = Inter-level travel time spent in this place.
 D = Time resting spent in this place.
 E = Time spent auto-exploring this place.
 F = Levels seen in this place.
 G = Mean time per level.
                   A        B        C        D        E       F      G
               +--------+--------+--------+--------+--------+-----+--------+
         Total |    283 |    255 |     28 |      0 |    195 |   4 |   70.8 |
       Dungeon |    283 |    255 |     28 |      0 |    195 |   4 |   70.8 |
               +--------+--------+--------+--------+--------+-----+--------+

Top non-repeatable levels by time:
     D:3: 123 daAuts
     D:4: 62 daAuts
     D:1: 56 daAuts
     D:2: 41 daAuts
